 Dungeon Crawl Stone Soup version 0.29.1-14-g9c671dbff4 (webtiles) character file.

Game seed: 6672739889588204902

2713 BabyfaceFinlayson the Ogre Mage (level 9, -13/80 HPs)
             Began as an Ogre Fire Elementalist on Feb 15, 2023.
             Was a Follower of Sif Muna.
             Mangled by a hellwing (15 damage)
             ... on level 8 of the Dungeon.
             The game lasted 00:36:54 (8827 turns).

BabyfaceFinlayson the Ogre Mage (OgFE)              Turns: 8827, Time: 00:36:54

Health: -13/80     AC:  4    Str: 13 (14) XL:     9   Next: 66%
Magic:  1/22       EV: 10    Int: 19 (20) God:    Sif Muna [*.....]
Gold:   276        SH:  0    Dex: 11      Spells: 19/26 levels left

rFire   + . .      SeeInvis .   h - +0 short sword (venom)
rCold   . . .      Faith    .   (no shield)
rNeg    . . .      Spirit   .   a - +1 robe
rPois   .          Reflect  .   (helmet restricted)
rElec   .          Harm     .   j - scarf {repulsion}
rCorr   .          Rampage  .   (gloves unavailable)
Will    .....      Archmagi +   (boots unavailable)
Stlth   +++.......              b - amulet of regeneration
HPRegen 1.03/turn               c - ring of protection from fire
MPRegen 0.18/turn               m - ring of the Mage {Wiz Archmagi}

@: repel missiles
A: large, unfitting armour, tough skin 1, thin skeletal structure 1,
deterioration 1, sturdy frame 1
a: Renounce Religion, Channel Magic


You were on level 8 of the Dungeon.
You worshipped Sif Muna.
Sif Muna was aware of your devotion.
You visited 2 branches of the dungeon, and saw 9 of its levels.

You collected 276 gold pieces.

Inventory:

Hand Weapons
 h - a +0 short sword of venom (weapon)
Armour
 a - a +1 robe (worn)
 j - a scarf of repulsion (worn)
 t - a +2 cloak
Jewellery
 b - an amulet of regeneration (around neck)
 c - a ring of protection from fire (left hand)
 m - the ring of the Mage (right hand) {Wiz Archmagi}
   (You acquired it on level 3 of the Dungeon)

   [ring of wizardry]

   It improves your spell success rate.
   Archmagi:  It increases the power of your magical spells.
 p - a +6 ring of strength
 r - an amulet of reflection
 u - a ring of willpower
 x - a ring of protection from fire
Wands
 e - a wand of digging (6)
 k - a wand of mindburst (6)
 z - a wand of light (3)
Scrolls
 f - 3 scrolls of poison
 l - 2 scrolls of magic mapping
 s - 2 scrolls of fear
Potions
 d - 2 potions of brilliance
 g - 8 potions of curing
 q - 2 potions of flight
 v - a potion of cancellation {unknown}
 w - a potion of resistance


   Skills:
 + Level 2.4 Fighting
 + Level 1.1 Short Blades
 + Level 3.0 Dodging
 + Level 2.4 Stealth
 + Level 9.4 Spellcasting
 + Level 2.7 Conjurations
 + Level 3.0 Hexes
 + Level 7.2 Fire Magic
 + Level 0.6 Evocations


You had 19 spell levels left.
You knew the following spells:

 Your Spells              Type           Power      Damage    Failure   Level
a - Foxfire               Conj/Fire      100%       2x1d9     1%          1
b - Scorch                Fire           100%       2d10      1%          2
c - Inner Flame           Hex/Fire       42%        N/A       1%          3
d - Magic Dart            Conj           100%       1d8       1%          1

Your spell library contained the following spells:

 Spells                   Type           Power      Damage    Failure   Level
 Slow                     Hex            100%       N/A       1%          1
 Conjure Flame            Conj/Fire      41%        6-21      1%          3
 Confusing Touch          Hex            30%        N/A       2%          3
 Blink                    Tloc           26%        N/A       4%          2
 Call Imp                 Summ           13%        N/A       4%          2
 Flame Wave               Conj/Fire      41%        2d11      4%          4
 Mephitic Cloud           Conj/Pois/Air  18%        N/A       6%          3
 Lesser Beckoning         Tloc           13%        N/A       10%         3
 Vampiric Draining        Necr           13%        2d6       10%         3
 Manifold Assault         Tloc           13%        N/A       61%         5


Dungeon Overview and Level Annotations

Branches:
Dungeon (8/15)             Temple (1/1) D:4
   Lair: D:8-11

Altars:
Ashenzari
Fedhas
Gozag
Hepliaklqana
Kikubaaqudgha
Makhleb
Nemelex Xobeh
Okawaru
Qazlal
Ru
Sif Muna
Trog
Uskayaw
Wu Jian
Xom
Zin
The Shining One

Shops:
D:4 =   D:7 ?


Innate Abilities, Weirdness & Mutations

You are too large for most types of armour.
You have tough skin. (AC +1)
You have a somewhat thin skeletal structure. (Dex +2, Stealth+)
Your body sometimes deteriorates upon taking damage.
Your movements are slightly less encumbered by armour. (ER -2)


Message History

The sky beast completely misses you.
Casting: Scorch (safe; 1% risk of failure)
Confirm with . or Enter, or press ? or * to list all spells.
You feel a surge of power!
Flames lash the sky beast.
The sky beast is burned terribly!
The sky beast is almost dead.
The hellwing hits you!
* * * LOW HITPOINT WARNING * * *
Your body deteriorates!
You feel dopey. The hellwing barely misses you.
The sky beast closely misses you.
Casting: Scorch (safe; 1% risk of failure)
Confirm with . or Enter, or press ? or * to list all spells.
You feel a surge of power!
Flames lash the sky beast.
The sky beast is burned terribly!
You kill the sky beast!
Sif Muna accepts your kill.
You hear the steady creaking of a very distant portcullis.
The hellwing hits you!
* * * LOW HITPOINT WARNING * * *
Your body deteriorates!
You feel weakened. The hellwing completely misses you.
Casting: Scorch (safe; 1% risk of failure)
Confirm with . or Enter, or press ? or * to list all spells.
You don't have enough magic to cast this spell.
Okay, then.
Aiming: Bolt of Light
Press: ? - help, Shift-Dir - straight line, f/p - hellwing
Aim: a hellwing (heavily wounded, more vulnerable to fire, 71% to hit)
The bolt of light hits the hellwing.
The hellwing is severely wounded.
The hellwing is blinded.
The hellwing barely misses you. x2
You hit the hellwing but do no damage.
The hellwing is heavily wounded.
The hellwing hits you.
* * * LOW HITPOINT WARNING * * *
The hellwing closely misses you.
You hit the hellwing but do no damage.
The hellwing is heavily wounded.
The hellwing hits you!
You die...

#########........
...# ...
............####.##
.... ...
.#########..# #..
.#...... .# #..#
... ... .# #..# #..
..# .# ...#
#.###.## .#
#.##.#.##..#...#..
.#
#.##..............
## #.#
#.##@......... ##
#.# #.##4.####....
.## #.#
#..........# #.##
##.####.##..####.#
.#.# #...........#
#.## #..........##
.## #.#####.##.# ##
#.# #.##.# # #.#
#.##.#


You could see a hellwing (blind, combustible).

Vanquished Creatures
  2 centaur zombies (D:7)
  A wyvern (D:8)
  A water moccasin (D:8)
  An orc warrior (D:7)
  2 black bears
  A sky beast (D:8)
  An ice beast (D:5)
  An ogre (D:5)
  A centaur (D:6)
  A phantom (D:6)
  A kobold brigand (D:8)
  4 bullfrogs
  A necrophage (D:7)
  2 scorpions
  3 hounds
  2 jellies
  3 orc priests
  5 orc wizards
  Natasha (thrice) (D:4)
  Robin (D:2)
  5 adders
  2 shadow imps
  A white imp (D:5)
  A worm (D:3)
  3 dart slugs (D:1)
  18 orcs
  8 ball pythons
  13 endoplasms
  2 giant cockroaches (D:4)
  8 hobgoblins
  6 jackals
  10 kobolds
  3 quokkas
  14 bats
  4 frilled lizards
  12 goblins
  7 rats
154 creatures vanquished.

Vanquished Creatures (collateral kills)
  A foxfire (D:2)
1 creature vanquished.

Vanquished Creatures (others)
  172 foxfires
  10 withered plants (D:7)
182 creatures vanquished.

Grand Total: 337 creatures vanquished

Notes
Turn   | Place    | Note
-------+----------+-------------------------------------------
     0 | D:1      | BabyfaceFinlayson the Ogre Fire Elementalist began the
                  | quest for the Orb.
     0 | D:1      | Reached XP level 1. HP: 16/16 MP: 3/3
   349 | D:1      | Found a faded altar of an unknown god.
   377 | D:1      | Reached XP level 2. HP: 24/24 MP: 0/5
   380 | D:1      | Learned a level 2 spell: Scorch
  1138 | D:1      | Reached XP level 3. HP: 31/31 MP: 4/7
  1730 | D:1      | Reached skill level 1 in Conjurations
  2006 | D:1      | Learned a level 3 spell: Inner Flame
  2052 | D:2      | Reached skill level 3 in Spellcasting
  2315 | D:2      | Reached XP level 4. HP: 39/39 MP: 5/9
  2693 | D:2      | Found an opulent altar of Gozag.
  2714 | D:2      | Noticed Robin
  2724 | D:2      | Killed Robin
  3306 | D:3      | Identified a scroll of acquirement
  3306 | D:3      | Acquired the ring of the Mage {Wiz Archmagi}
  3306 | D:3      | Found the ring of the Mage {Wiz Archmagi}
  3939 | D:3      | Reached XP level 5. HP: 46/46 MP: 5/10
  4141 | D:4      | Reached skill level 4 in Spellcasting
  4255 | D:4      | Reached XP level 6. HP: 54/54 MP: 7/12
  4407 | D:4      | Reached skill level 1 in Fighting
  4407 | D:4      | Reached skill level 1 in Short Blades
  4689 | D:4      | Found Jehiciuv's Jewellery Shop.
  4792 | D:4      | Noticed Natasha
  4797 | D:4      | Killed Natasha
  4823 | D:4      | Noticed Natasha
  4825 | D:4      | Killed Natasha
  4993 | D:4      | Found a staircase to the Ecumenical Temple.
  5123 | Temple   | Entered the Ecumenical Temple
  5176 | Temple   | Became a worshipper of Sif Muna the Loreminder
  5251 | D:4      | Noticed Natasha
  5255 | D:4      | Killed Natasha
  5256 | D:4      | Reached skill level 5 in Spellcasting
  5620 | D:5      | Entered Level 5 of the Dungeon
  5659 | D:5      | Found a broken altar of Ashenzari.
  5660 | D:5      | Found a hide-covered altar of Uskayaw.
  5660 | D:5      | Found a glowing silver altar of Zin.
  5672 | D:5      | Reached XP level 7. HP: 63/63 MP: 6/15
  5738 | D:5      | Found a stormy altar of Qazlal.
  5738 | D:5      | Found a burning altar of Makhleb.
  5741 | D:5      | Found a blossoming altar of Fedhas.
  5742 | D:5      | Found a shimmering altar of Xom.
  6302 | D:5      | Reached skill level 1 in Hexes
  6330 | D:5      | Reached skill level 5 in Fire Magic
  6875 | D:5      | Learned a level 1 spell: Magic Dart
  6904 | D:6      | Reached skill level 6 in Spellcasting
  6904 | D:6      | Reached XP level 8. HP: 72/72 MP: 10/17
  7865 | D:6      | Gained mutation: You have a pair of small horns on your
                  | head. [potion of mutation]
  7866 | D:6      | Lost mutation: You have a pair of small horns on your head.
                  | [potion of mutation]
  7866 | D:6      | Gained mutation: You have a pair of small horns on your
                  | head. [potion of mutation]
  7866 | D:6      | Gained mutation: You are occasionally teleported next to
                  | monsters. [potion of mutation]
  7867 | D:6      | Lost mutation: You have a pair of small horns on your head.
                  | [potion of mutation]
  7867 | D:6      | Lost mutation: You are occasionally teleported next to
                  | monsters. [potion of mutation]
  7867 | D:6      | Gained mutation: Your movements are slightly less
                  | encumbered by armour. (ER -2) [potion of mutation]
  7867 | D:6      | Gained mutation: Your body sometimes deteriorates upon
                  | taking damage. [potion of mutation]
  7867 | D:6      | Gained mutation: You have a somewhat thin skeletal
                  | structure. (Dex +2, Stealth+) [potion of mutation]
  7907 | D:7      | Reached skill level 7 in Spellcasting
  8311 | D:7      | Reached skill level 8 in Spellcasting
  8311 | D:7      | Reached XP level 9. HP: 79/79 MP: 7/21
  8365 | D:7      | Reached skill level 9 in Spellcasting
  8385 | D:7      | Found Fyocaz's Magic Scroll Shoppe.
  8395 | D:7      | Noticed a hellwing
  8397 | D:7      | Noticed a hellwing
  8541 | D:8      | Reached * piety under Sif Muna
  8824 | D:8      | HP: 2/80 [hellwing (12)]
  8827 | D:8      | Mangled by a hellwing

Illustrated notes

Levels and vault maps discovered:
D:1:      dpeg_arrival_three_same_balls, layout_basic,
          ebering_ecumenical_altar_box, nrook_mini_backslash
D:2:      layout_loops_ring, basic_altar, uniq_robin
D:3:      layout_rooms
D:4:      layout_cave_pods, minmay_temple_entry_arrows, serial_shops, shop,
          minmay_misc_feat_secret_circle, serial_park_tiny_pond, uniq_natasha
D:5:      layout_basic, grunt_temple_overflow_open, dk_vineyard_1
D:6:      layout_basic
D:7:      cheibrodos_grave_circle, layout_loops_ring, kennysheep_ying_yang,
          grunt_dithmenos_shadows, serial_shops, shop,
          minmay_a_box_with_orc_wizards_in_it
D:8:      layout_loops_ring, vehumet_crystals, mainiacjoe_overflow_catwalk,
          enter_bailey_5, roderic_lattice_a
Temple:   jpeg_temple_alley_garden

Skill      XL: |  1  2  3  4  5  6  7  8  9 |
---------------+----------------------------+-----
Dodging        | 2 3 |  3.0
Fire Magic     | 3 4 5 6 7 |  7.2
Conjurations   | 1 2 |  2.7
Spellcasting   | 3 4 5 6 8 9 |  9.4
Fighting       | 1 2 |  2.4
Short Blades   | 1 |  1.1
Stealth        | 2 |  2.4
Hexes          | 1 2 3 |  3.0
Evocations     | |  0.6

Action                   |  1- 3 |  4- 6 |  7- 9 || total
-------------------------+-------+-------+-------++-------
Melee: Unarmed           |     4 |       |       ||     4
       Short sword       |     1 |    36 |    14 ||    51
 Cast: Foxfire           |    39 |    44 |    38 ||   121
       Scorch            |    25 |    33 |    43 ||   101
       Inner Flame       |       |    17 |    35 ||    52
       Magic Dart        |       |       |    16 ||    16
Evoke: Wand              |       |     5 |     8 ||    13
  Use: Scroll            |     6 |     9 |     7 ||    22
       Potion            |     1 |     1 |     6 ||     8
 Stab: Sleeping          |       |     1 |       ||     1
Armor: Robe              |    33 |    14 |    18 ||    65
Dodge: Dodged            |    43 |    28 |    47 ||   118
       Repelled          |       |       |     4 ||     4
